 Dungeon Sprint DCSS version 0.30.1-4-g462c640d31 (webtiles) character file.

Game seed: 17803343676379056348

23444 Heoruswealwe the Ninja (level 12, 0/73 HPs)
             Began as a Spriggan Artificer on Sept 4, 2023.
             Was an Initiate of Gozag.
             Slain by a jiangshi (25 damage)
             ... summoned by a mummy priest
             ... in the Dungeon (Sprint I: "Red Sonja").
             The game lasted 00:59:58 (3117 turns).

Heoruswealwe the Ninja (Spriggan Artificer)         Turns: 3117, Time: 00:59:58

Health: 0/73       AC:  6    Str:  8    XL:     12   Next: 71%
Magic:  13/22      EV: 48    Int: 18    God:    Gozag
Gold:   398        SH:  0    Dex: 29    Spells: 9/11 levels left

rFire   + + .        a - +7 short sword of Checkmate {freeze, Dex+5}
rCold   + + .        (no shield)
rNeg    . . .        c - +2 robe {rC+ rF+}
rPois   .            g - +2 hat
rElec   .            h - scarf {harm}
rCorr   .            (gloves unavailable)
SInv    +            (boots unavailable)
Will    ++...        (no amulet)
Stlth   ++++++++++   k - ring "Ohynor" {*Corrode rF+ MP+9 Int+3 Dex+3}
HPRegen 0.32/turn    j - ring "Ogysobyu" {rC+ Int+3 SInv}
MPRegen 0.18/turn

%: no teleportation, corrode self (3%), harm (+30% outgoing, +20% incoming)
@: flayed, gold aura, studying Fighting, very quick
A: very small, no large weapons, unfitting armour, see invisible, speed 3
a: Renounce Religion, Potion Petition, Call Merchant, Bribe Branch


You were in the Dungeon.
You worshipped Gozag.
Gozag was aware of your devotion.
You visited 1 branch You collected 9211 gold pieces.
You spent 7578 gold pieces at shops.
You donated 29 gold pieces to Zin.
You paid 1206 gold pieces to Gozag.

Inventory:

Hand Weapons
 a - the +7 short sword of Checkmate (weapon) {freeze, Dex+5}
   (You bought it in a shop in the Dungeon)

   Dex:       It affects your dexterity (+5).
 b - the +0 dagger of the Doomed Warrior {vamp, rF++}
   (You bought it in a shop in the Dungeon)

   rF:        It greatly protects you from fire.
 o - the +7 sling "Heunt" {heavy, Fly Dex+4}
   (You bought it in a shop in the Dungeon)

   Dex:       It affects your dexterity (+4).
   Fly:       It grants you flight.
 p - a +1 rapier
 z - the +4 short sword "Ulym" {drain, rPois rC+ rN++ MP+9}
   (You bought it in a shop in the Dungeon)

   rC:        It protects you from cold.
   rPois:     It protects you from poison.
   rN:        It greatly protects you from negative energy.
   MP:        It affects your magic capacity (+9).
 D - a +5 hand crossbow of electrocution
Armour
 c - a +2 robe of resistance (worn)
 g - a +2 hat (worn)
 h - a scarf of harm (worn)
 A - a +2 cloak
Jewellery
 j - the ring "Ogysobyu" (right hand) {rC+ Int+3 SInv}
   (You bought it in a shop in the Dungeon)

   [ring of protection from cold]

   Int:       It affects your intelligence (+3).
   rC:        It protects you from cold.
   SInv:      It lets you see invisible.
 k - the ring "Ohynor" (left hand) {*Corrode rF+ MP+9 Int+3 Dex+3}
   (You acquired it in the Dungeon)

   [ring of magical power]

   Int:       It affects your intelligence (+3).
   Dex:       It affects your dexterity (+3).
   rF:        It protects you from fire.
   MP:        It affects your magic capacity (+9).
   *Corrode:  It may corrode you when you take damage.
Wands
 d - a wand of charming (10)
 e - a wand of acid (7)
 l - a wand of paralysis (17)
 r - a wand of flame (22) (quivered)
Scrolls
 i - 4 scrolls of enchant armour
 y - 3 scrolls of blinking
 B - 4 scrolls of identify
Potions
 f - 7 potions of curing
 m - a potion of cancellation
 n - 3 potions of might
 t - 2 potions of flight
 x - 2 potions of haste
Miscellaneous
 q - a lightning rod (4/4)
 s - a phial of floods
 u - a tin of tremorstones (2/2)


   Skills:
 + Level 13.4 Fighting
 + Level 14.1 Short Blades
 * Level 22.6 Dodging
 O Level 27 Stealth
 + Level 17.0 Evocations


You had 9 spell levels left.
You knew the following spells:

 Your Spells              Type           Power      Damage    Failure   Level
a - Passwall              Tmut/Erth      0%         N/A       32%         2

Your spell library contained the following spells:

 Spells                   Type           Power      Damage    Failure   Level
 Necrotise                Necr           0%         1d4       22%         1
 Sandblast                Erth           0%         2d4       22%         1
 Stone Arrow              Conj/Erth      0%         3d7       54%         3
 Vampiric Draining        Necr           0%         2d6       54%         3
 Agony                    Necr           0%         N/A       99%         5


Dungeon Overview and Level Annotations

Branches:
Dungeon (1/1)

Altars:
Cheibriados
Dithmenos
Elyvilon
Fedhas
Gozag
Hepliaklqana
Kikubaaqudgha
Makhleb
Nemelex Xobeh
Okawaru
Qazlal
Ru
Sif Muna
Trog
Uskayaw
Vehumet
Wu Jian
Xom
Yredelemnul
Zin
The Shining One
Jiyva
Lugonu

Shops:
D ((*[[(([[*[[[(:?:([[=*?

Annotations:
D exclusion: oklob plant, Tiamat


Innate Abilities, Weirdness & Mutations

You are very small and have problems with some larger weapons.
You are too small for most types of armour.
You have supernaturally acute eyesight. (SInv)
You cover ground extremely quickly. (Speed+++)


Message History

The bolt of acid hits the hornet!!!
The acid corrodes the hornet!
You kill the hornet!
The bolt of acid hits the hornet!!!
The acid corrodes the hornet!
You kill the hornet!
The bolt of acid hits the merfolk siren!!!
The acid corrodes the merfolk siren!
You kill the merfolk siren!
The jiangshi barely misses you. The jiangshi completely misses you.
The phantasmal warrior completely misses you.
The flayed ghost stares at you with tortured malice.
Terrible wounds spread across more of your body!
The jiangshi barely misses you. The jiangshi claws you!
The jiangshi draws strength from your injuries!
The merfolk siren chants its luring song.
Your Short Blades skill increases to level 14!
Your Evocations skill increases to level 17!
You cannot move away from the merfolk siren!
Okay, then.
The terrible wounds on your body vanish.
Your magical effects are unravelling.
You feel magically purged.
You break out of your daze.
The hornet is distracted by your dazzling golden aura.
The jiangshi completely misses you. The jiangshi misses you.
The phantasmal warrior completely misses you.
The merfolk siren is distracted by your dazzling golden aura.
The jiangshi misses you. The jiangshi completely misses you.
The phantasmal warrior misses you.
The flayed ghost cries, "Feel what I felt!"
Terrible wounds open up all over your body!
The jiangshi attacks as you move away! The jiangshi claws you!
The jiangshi draws strength from your injuries!
The jiangshi completely misses you.
There is an open door here.
The jiangshi closely misses you. The jiangshi misses you.
The phantasmal warrior gestures at you.
The phantasmal warrior blinks!
The jiangshi attacks as you move away! The jiangshi claws you!!
You die...
Your body crumbles into a pile of gold.

##########################*******
∩.#§.§.'.§§§§.+.@#..+§§§.#,,,$$$$
#'#§####§§§§§##..VW§#.§§.##,,$$$$
..#§#.###.§§#######'#.§§§§#####$$
..+.#'#.###+#...##..#.§§§.#...#$$
+####...#y#.##...#.$##§§§.#.∩)#$$
°°°.#...###..###.#.$≈###+##...#$$
.°°.+.....##.#A#.#.W≈$=#(####+#$$
#.°.#.....#..###.#.$≈$##+#§§§.##$
#.°.###++##.##...#m.≈##..§§§§..##


You could see a jiangshi (summoned, corroded) and a phantasmal warrior
(summoned).

Vanquished Creatures
  A golden dragon (D)
  A shadow dragon (D)
  4 fire giants (D)
  A deep elf annihilator (D)
  A lorocyproca (D)
  2 centaur warriors (D)
  A hydra (D)
  Sonja (D)
  A deep troll (D)
  A lindwurm (D)
  8 shining eyes (D)
  An oklob plant (D)
  A merfolk siren (D)
  A gargoyle (D)
  2 demonic crawlers (D)
  2 kobold demonologists (D)
  7 unseen horrors (D)
  4 hornets (D)
  A hellwing (D)
  A slime creature (D)
  Sigmund (D)
  A yak (D)
  13 hogs (D)
  2 redbacks (D)
  7 floating eyes (D)
  An ogre (D)
  7 necrophages (D)
  8 jellies (D)
  Ijyb (D)
  A ballistomycete spore (D)
84 creatures vanquished.

Vanquished Creatures (collateral kills)
  A demonic crawler (D)
1 creature vanquished.

Vanquished Creatures (others)
  A demonic crawler (D)
  A ballistomycete spore (D)
2 creatures vanquished.

Grand Total: 87 creatures vanquished

Notes
Turn   | Place    | Note
-------+----------+-------------------------------------------
     0 | D        | Heoruswealwe the Spriggan Artificer began the quest for the
                  | Orb.
     0 | D        | Reached XP level 1. HP: 9/9 MP: 2/2
     1 | D        | Noticed Ijyb
     2 | D        | Paralysed by Ijyb for 5 turns
     8 | D        | Killed Ijyb
     9 | D        | Reached skill level 8 in Stealth
     9 | D        | Reached XP level 2. HP: 14/14 MP: 3/3
    19 | D        | Noticed an ogre
    25 | D        | Killed an ogre
    26 | D        | Reached skill level 13 in Stealth
    26 | D        | Reached XP level 3. HP: 17/17 MP: 4/4
    26 | D        | Reached XP level 4. HP: 21/21 MP: 5/5
    37 | D        | Noticed Sigmund
    45 | D        | Killed Sigmund
    46 | D        | Reached skill level 18 in Stealth
    46 | D        | Reached XP level 5. HP: 6/25 MP: 6/6
   137 | D        | Found an ornate altar of the Wu Jian Council.
   137 | D        | Found a shimmering blue altar of Sif Muna.
   139 | D        | Found a radiant altar of Vehumet.
   144 | D        | Reached skill level 19 in Stealth
   144 | D        | Reached XP level 6. HP: 29/29 MP: 7/7
   173 | D        | Found Lodghus's Antique Armour Emporium.
   173 | D        | Found an ancient bone altar of Kikubaaqudgha.
   173 | D        | Found a hazy altar of Hepliaklqana.
   173 | D        | Found a stormy altar of Qazlal.
   173 | D        | Found a hide-covered altar of Uskayaw.
   173 | D        | Found a blossoming altar of Fedhas.
   173 | D        | Found a bloodstained altar of Trog.
   173 | D        | Found an iron altar of Okawaru.
   173 | D        | Found a basalt altar of Yredelemnul.
   173 | D        | Found a glowing golden altar of the Shining One.
   173 | D        | Found a snail-covered altar of Cheibriados.
   173 | D        | Found a sacrificial altar of Ru.
   173 | D        | Found a glowing silver altar of Zin.
   173 | D        | Found a shadowy altar of Dithmenos.
   173 | D        | Found a white marble altar of Elyvilon.
   173 | D        | Noticed a yak
   174 | D        | Found an opulent altar of Gozag.
   175 | D        | Killed a yak
   176 | D        | Reached skill level 21 in Stealth
   176 | D        | Found a sparkling altar of Nemelex Xobeh.
   181 | D        | Became a worshipper of Zin the Law-Giver
   181 | D        | Reached * piety under Zin
   181 | D        | Reached ** piety under Zin
   181 | D        | Reached *** piety under Zin
   181 | D        | Reached **** piety under Zin
   181 | D        | Reached ***** piety under Zin
   181 | D        | Reached ****** piety under Zin
   190 | D        | Noticed Sonja
   194 | D        | Killed Sonja
   195 | D        | Reached skill level 25 in Stealth
   195 | D        | Reached XP level 7. HP: 32/32 MP: 8/8
   210 | D        | Found Ugreurry's Antique Weapon Boutique.
   218 | D        | Bought an encrusted dagger for 189 gold pieces
   218 | D        | Identified the +0 dagger of the Doomed Warrior {vamp, rF++}
                  | (You bought it in a shop in the Dungeon)
   220 | D        | Noticed a shining eye
   220 | D        | Noticed a shining eye
   220 | D        | Noticed a shining eye
   220 | D        | Noticed a shining eye
   220 | D        | Noticed a shining eye
   220 | D        | Noticed a shining eye
   223 | D        | Reached XP level 8. HP: 37/37 MP: 9/9
   223 | D        | Noticed a shining eye
   223 | D        | Noticed a shining eye
   229 | D        | Reached skill level 26 in Stealth
   234 | D        | Killed a shining eye
   235 | D        | Reached skill level 27 in Stealth
   235 | D        | Reached skill level 5 in Evocations
   240 | D        | Killed a shining eye
   241 | D        | Reached XP level 9. HP: 44/44 MP: 10/10
   247 | D        | Killed a shining eye
   248 | D        | Reached skill level 5 in Short Blades
   271 | D        | Killed a shining eye
   296 | D        | Killed a shining eye
   297 | D        | Reached skill level 10 in Dodging
   310 | D        | Killed a shining eye
   311 | D        | Reached skill level 5 in Fighting
   326 | D        | Killed a shining eye
   327 | D        | Reached XP level 10. HP: 51/51 MP: 11/11
   342 | D        | Killed a shining eye
   343 | D        | Reached skill level 10 in Evocations
   355 | D        | Fell from the grace of Zin
   355 | D        | Became a worshipper of Gozag Ym Sagoz the Greedy
   363 | D        | Noticed a deep troll
   378 | D        | Killed a deep troll
   396 | D        | Found Wuilan's Armour Emporium.
   534 | D        | Found Otsed's Armour Shop.
   534 | D        | Found Xonimina's Antique Weapon Shoppe.
   534 | D        | Found Jumolim's Weapon Boutique.
   534 | D        | Found Zisuis's General Store.
   539 | D        | Bought a rapier for 64 gold pieces
   541 | D        | Bought a potion of curing for 39 gold pieces
   541 | D        | Bought a wand of flame (9) for 81 gold pieces
   541 | D        | Bought a lightning rod (4/4) for 390 gold pieces
   573 | D        | Noticed a centaur warrior
   575 | D        | Noticed a centaur warrior
   577 | D        | Killed a centaur warrior
   579 | D        | Killed a centaur warrior
   606 | D        | Learned a level 2 spell: Passwall
   623 | D        | Noticed an oklob plant
   625 | D        | Killed an oklob plant
   626 | D        | Reached skill level 15 in Dodging
   676 | D        | Reached XP level 11. HP: 58/58 MP: 12/12
   785 | D        | Found Igoob's Armour Shoppe.
   785 | D        | Found Vatrykae's Weapon Shop.
   785 | D        | Found Taocapp's Armour Boutique.
   791 | D        | Found Iggexi's Antique Weapon Boutique.
   791 | D        | Found Aqyiwn's Armour Emporium.
   791 | D        | Found Ilido's Magic Scroll Emporium.
   793 | D        | Found Efoc's Book Boutique.
   793 | D        | Found Ecsyant's Magic Scroll Shoppe.
   793 | D        | Found Lalo's Book Shop.
   793 | D        | Found Ripheoq's Weapon Emporium.
   793 | D        | Found Isalegy's Armour Boutique.
   793 | D        | Found Fux Hicu's Antique Armour Shoppe.
   793 | D        | Found Vufaisiw's Antique Armour Shop.
   797 | D        | Bought a scroll of acquirement for 572 gold pieces
   797 | D        | Found Wimisad's General Store.
   803 | D        | Bought a steaming robe for 142 gold pieces
   803 | D        | Identified the +1 robe of the True Pharaoh {+Inv} (You
                  | bought it in a shop in the Dungeon)
   804 | D        | Bought a hat for 96 gold pieces
   804 | D        | Bought a cloak for 108 gold pieces
   864 | D        | Acquired the ring "Ohynor" {*Corrode rF+ MP+9 Int+3 Dex+3}
   866 | D        | Acquired a manual of Fighting
   935 | D        | Bought a scroll of identify for 28 gold pieces
   935 | D        | Bought a scroll of identify for 28 gold pieces
   937 | D        | Bought a scroll of magic mapping for 82 gold pieces
   945 | D        | Bought a scroll of enchant weapon for 97 gold pieces
   966 | D        | Bought a +2 robe of resistance for 452 gold pieces
   989 | D        | Bought a runed hand crossbow for 162 gold pieces
   990 | D        | Bought a scroll of enchant armour for 82 gold pieces
   990 | D        | Bought a scroll of blinking for 82 gold pieces
   990 | D        | Bought a scroll of enchant armour for 82 gold pieces
   990 | D        | Bought a scroll of enchant armour for 82 gold pieces
   990 | D        | Bought a scroll of poison for 44 gold pieces
  1055 | D        | Found a viscous altar of Jiyva.
  1055 | D        | Found a corrupted altar of Lugonu.
  1056 | D        | Found a burning altar of Makhleb.
  1056 | D        | Found a shimmering altar of Xom.
  1059 | D        | Reached skill level 10 in Short Blades
  1206 | D        | Noticed a lindwurm
  1208 | D        | Killed a lindwurm
  1388 | D        | Noticed a 12-headed hydra
  1390 | D        | Killed a 12-headed hydra
  1391 | D        | Reached skill level 10 in Fighting
  1460 | D        | Noticed a shadow dragon
  1460 | D        | Noticed a golden dragon
  1467 | D        | Killed a golden dragon
  1468 | D        | Killed a shadow dragon
  1469 | D        | Reached skill level 15 in Evocations
  1469 | D        | Reached XP level 12. HP: 70/70 MP: 13/13
  1475 | D        | Identified the +7 falchion "Zaplazib" {heavy, rElec rC++
                  | Will+ SInv}
  1545 | D        | Found Jeucwaih's Magic Scroll Shoppe.
  1564 | D        | Bought a scroll of enchant armour for 82 gold pieces
  1564 | D        | Bought a scroll of immolation for 44 gold pieces
  1564 | D        | Bought a scroll of identify for 22 gold pieces
  1564 | D        | Bought a scroll of enchant armour for 82 gold pieces
  1564 | D        | Bought a scroll of fog for 44 gold pieces
  1564 | D        | Bought a scroll of blinking for 82 gold pieces
  1763 | D        | Bought a crystal quarterstaff for 243 gold pieces
  1763 | D        | Identified the +2 quarterstaff "Tacw" {antimagic, +Blink
                  | Str+2} (You bought it in a shop in the Dungeon)
  1763 | D        | Bought a brightly glowing sling for 175 gold pieces
  1763 | D        | Identified the +7 sling "Heunt" {heavy, Fly Dex+4} (You
                  | bought it in a shop in the Dungeon)
  1815 | D        | Bought a twisted falchion for 128 gold pieces
  1815 | D        | Identified the +5 falchion "Kuvemn" {flame, rN+ Int+3} (You
                  | bought it in a shop in the Dungeon)
  1817 | D        | Bought the +7 short sword of Checkmate {freeze, Dex+5} for
                  | 752 gold pieces
  1826 | D        | Bought the +4 short sword "Ulym" {drain, rPois rC+ rN++
                  | MP+9} for 949 gold pieces
  1828 | D        | Bought a scarf of harm for 117 gold pieces
  1902 | D        | Bought a scroll of summoning for 104 gold pieces
  1904 | D        | Bought a scroll of vulnerability for 56 gold pieces
  1906 | D        | Bought a +5 hand crossbow of electrocution for 464 gold
                  | pieces
  1910 | D        | Bought a scroll of enchant armour for 97 gold pieces
  2066 | D        | Noticed a lorocyproca
  2103 | D        | Killed a lorocyproca
  2534 | D        | Bought the ring "Ogysobyu" {rC+ Int+3 SInv} for 425 gold
                  | pieces
  2560 | D        | Noticed a daeva
  2725 | D        | Found the ring of the Mage {Wiz Archmagi}
  2948 | D        | Bought a wand of paralysis (7) for 285 gold pieces
  2953 | D        | Noticed a fire giant
  2956 | D        | Noticed a fire giant
  2957 | D        | Noticed a fire giant
  2958 | D        | Noticed a fire giant
  2960 | D        | Killed a fire giant
  2964 | D        | Killed a fire giant
  2966 | D        | Killed a fire giant
  2968 | D        | Killed a fire giant
  2985 | D        | Found the +4 dragonskin cloak
  2985 | D        | Noticed Tiamat
  3025 | D        | Bought a scroll of enchant armour for 127 gold pieces
  3025 | D        | Bought a wand of flame (13) for 154 gold pieces
  3025 | D        | Bought a wand of paralysis (6) for 244 gold pieces
  3097 | D        | Noticed a deep elf annihilator
  3097 | D        | Noticed a mummy priest
  3097 | D        | Killed a deep elf annihilator
  3101 | D        | Noticed a jiangshi
  3117 | D        | Slain by a jiangshi

Illustrated notes

Levels and vault maps discovered:
D:        dungeon_sprint_1 [red_sonja_temple_1, red_sonja_temple_small_1]

Skill      XL: |  1  2  3  4  5  6  7  8  9 10 11 12 |
---------------+-------------------------------------+-----
Stealth        | 8 13 18 19 25 27 | 27.0
Fighting       | 3 5 7 11 13 | 13.4
Short Blades   | 4 7 9 12 14 | 14.1
Dodging        | 7 11 15 20 22 | 22.6
Evocations     | 6 9 12 15 17 | 17.0

Action                     |  1- 3 |  4- 6 |  7- 9 | 10-12 || total
---------------------------+-------+-------+-------+-------++-------
  Melee: Dagger            |       |     5 |    73 |   191 ||   269
         Punch             |       |       |     1 |     1 ||     2
         Short sword       |       |       |       |    17 ||    17
   Cast: Passwall          |       |       |       |     3 ||     3
 Invoke: Call Merchant     |       |       |       |     2 ||     2
  Evoke: Wand              |     4 |     2 |       |    44 ||    50
         Lightning rod     |       |       |       |     3 ||     3
    Use: Scroll            |       |       |       |    16 ||    16
         Potion            |       |       |       |     3 ||     3
   Stab: Sleeping          |       |     3 |     7 |    34 ||    44
         Paralysed         |       |       |       |     3 ||     3
         Distracted        |       |       |       |     2 ||     2
 Armour: Robe              |       |     1 |       |       ||     1
  Dodge: Dodged            |       |     1 |       |   151 ||   152
